 Dungeon Sprint DCSS version 0.28.0-43-g3370ac3207 (webtiles) character file.

Game seed: 7085254082650721714

2314 boopmooplesden the Fencer (level 9, -3/95 HPs)
             Began as a Minotaur Berserker on Mar 30, 2022.
             Was an Elder of Trog.
             Slain by an orc knight
             ... wielding a +2 vorpal battleaxe
              (7 damage)
             ... in the Dungeon (Sprint III: "The Ten Rune Challenge").
             The game lasted 00:02:46 (1552 turns).

boopmooplesden the Fencer (Minotaur Berserker)      Turns: 1552, Time: 00:02:47

Health: -3/95      AC:  6    Str: 24    XL:     9   Next: 18%
Magic:  8/8        EV: 14    Int:  8    God:    Trog [****..]
Gold:   24         SH:  0    Dex: 12    Spells: 8/8 levels left

rFire   . . .      SeeInvis .   s - +2 great mace (flame)
rCold   . . .      Faith    .   (shield currently unavailable)
rNeg    . . .      Spirit   .   p - +0 ring mail
rPois   .          Reflect  .   (helmet unavailable)
rElec   .          Harm     .   (no cloak)
rCorr   .          Rampage  .   (no gloves)
Will    .....      NoTele   +   (no boots)
Stlth   ++........              (no amulet)
HPRegen 0.25/turn               (no ring)
MPRegen 0.11/turn               (no ring)

@: on berserk cooldown, slowed, very slow
A: horns 3, retaliatory headbutt, clever 2
a: Renounce Religion, Berserk, Trog's Hand, Brothers in Arms


You were in the Dungeon.
You worshipped Trog.
Trog was greatly pleased with you.
You visited 1 branch You collected 24 gold pieces.

Inventory:

Hand Weapons
 a - a +0 falchion
 q - a +1 long sword of holy wrath
 s - a +2 great mace of flaming (weapon)
Armour
 b - a +0 animal skin
 p - a +0 ring mail (worn)
Wands
 o - a wand of acid (9)
Scrolls
 h - a scroll of blinking
 k - 2 scrolls of immolation
 l - a scroll of identify
Potions
 c - 2 potions of curing
 d - a potion of heal wounds
 e - a potion of haste
 f - 2 potions of magic
 g - a potion of berserk rage
 i - a potion of attraction
 j - a potion of mutation
 m - 4 potions of flight
 n - 2 potions of might
Miscellaneous
 r - a phantom mirror


   Skills:
 + Level 14.0 Fighting
 + Level 16.3 Long Blades
 + Level 1.9 Maces & Flails
 + Level 7.4 Armour
 + Level 8.9 Dodging
 + Level 4.7 Stealth


You had 8 spell levels left.
You didn't know any spells.
Your spell library was empty.

Dungeon Overview and Level Annotations

Branches:
Dungeon (1/1)

Altars:
Cheibriados
Dithmenos
Elyvilon
Fedhas
Gozag
Hepliaklqana
Kikubaaqudgha
Makhleb
Nemelex Xobeh
Okawaru
Qazlal
Ru
Sif Muna
Trog
Uskayaw
Vehumet
Wu Jian
Xom
Yredelemnul
Zin
The Shining One
Beogh
Jiyva
Lugonu


Innate Abilities, Weirdness & Mutations

You have a pair of large horns on your head.
You reflexively headbutt those who attack you in melee.
Your mind is very acute. (Int +4)


Message History

The orc no longer looks unusually strong.
The orc warrior misses you. You furiously retaliate!
You headbutt the orc warrior, but do no damage.
The orc knight roars a battlecry!
The orcs go into a battle-frenzy!
The orc priest invokes the aid of Beogh against you.
Beogh smites you! The orc warrior completely misses you.
An orc comes into view. It is wielding a +0 short sword.
You sock the orc warrior! You burn the orc warrior.
You kill the orc warrior!
Trog accepts your kill.
The orc warrior no longer looks unusually strong.
The orc warrior barely misses you. You furiously retaliate!
You headbutt the orc warrior.
An orc high priest comes into view. It is wielding a +0 scimitar.
The orc high priest moves out of view.
Your Fighting skill increases to level 14!
Your ogre barely misses the orc knight.
The orc knight hits your ogre with a +2 vorpal battleaxe!!
Your ogre dies!
Your ogre's corpse disappears in a puff of smoke!
Things that are here:
a +0 dagger; a +0 robe; an orc corpse Your ogre goes berserk!
Trog will no longer gift you weapons.
The orc knight hits your ogre with a +2 vorpal battleaxe!!!
Your ogre dies!
Your ogre's corpse disappears in a puff of smoke!
The orc knight roars a battlecry!
The orc warrior goes into a battle-frenzy!
You fail to use your ability.
The orc knight completely misses you. You furiously retaliate!
You headbutt the orc knight, but do no damage.
You sock the orc knight! You burn the orc knight.
The orc knight is moderately wounded.
The orc knight barely misses you. The orc knight closely misses you.
Your two-headed ogre goes berserk!
The orc knight hits you with a +2 vorpal battleaxe!!!
* * * LOW HITPOINT WARNING * * *
You die...

♣.############ $$##
♣.#___#___#__###$#o
♣.#...#__)#)_#$...
..###'#'###'##oo.
..#..†.......#oo
..'.⌠........#o#
♣.#...######'#)#
..#.⌠.#__#...#O##############
..#...#__#...#oo@.#.#.#.....#
..#)###__#...##o#..#.##)#
..#):.#__#...'##)#.#.##.#
..#___#__'...#.))#..#..##
▓▓▓▓▓▓▓▓▓▓▓▓▓▓▓▓▓▓▓▓▓▓▓▓


You could see an orc knight (strong, ally target), an orc warrior (strong), an
orc (strong) and a friendly two-headed ogre (summoned, berserk).

Vanquished Creatures
  A deep elf pyromancer (D)
  A shadow (D)
  A spatial vortex (D)
  An orc warrior (D)
  A necrophage (D)
  4 two-headed ogres (D)
  A water elemental (D)
  A jelly (D)
  A wizard (D)
  A necromancer (D)
  An orc wizard (D)
  3 humans (D)
  A kobold demonologist (D)
  A wolf (D)
  4 rats (D)
23 creatures vanquished.

Vanquished Creatures (collateral kills)
  An orc knight (D)
1 creature vanquished.

Grand Total: 24 creatures vanquished

Notes
Turn   | Place    | Note
-------+----------+-------------------------------------------
     0 | D        | boopmooplesden the Minotaur Berserker began the quest for
                  | the Orb.
     0 | D        | Reached XP level 1. HP: 19/19 MP: 0/0
     6 | D        | Reached skill level 4 in Long Blades
    14 | D        | Reached ** piety under Trog
    30 | D        | Noticed a wolf
    37 | D        | Killed a wolf
    38 | D        | Reached skill level 5 in Fighting
    38 | D        | Reached skill level 5 in Long Blades
    38 | D        | Reached XP level 2. HP: 28/29 MP: 1/1
    55 | D        | Gained mutation: Your mind is acute. (Int +2) [potion of
                  | mutation]
    55 | D        | Gained mutation: Your mind is very acute. (Int +4) [potion
                  | of mutation]
    56 | D        | Lost mutation: Your mind is very acute. (Int +4) [potion of
                  | mutation]
    56 | D        | Lost mutation: Your mind is acute. (Int +2) [potion of
                  | mutation]
    56 | D        | Gained mutation: You have a pair of large horns on your
                  | head. [potion of mutation]
    56 | D        | Gained mutation: Your mind is acute. (Int +2) [potion of
                  | mutation]
    56 | D        | Gained mutation: Your mind is very acute. (Int +4) [potion
                  | of mutation]
   155 | D        | Reached skill level 6 in Long Blades
   155 | D        | Reached XP level 3. HP: 37/37 MP: 2/2
   230 | D        | Noticed a water elemental
   235 | D        | Killed a water elemental
   235 | D        | Reached *** piety under Trog
   236 | D        | Reached skill level 7 in Long Blades
   236 | D        | Reached XP level 4. HP: 23/47 MP: 3/3
   435 | D        | Found a radiant altar of Vehumet.
   435 | D        | Found a shimmering blue altar of Sif Muna.
   435 | D        | Found an ancient bone altar of Kikubaaqudgha.
   435 | D        | Noticed a wizard
   438 | D        | Killed a wizard
   439 | D        | Reached skill level 8 in Long Blades
   442 | D        | Reached skill level 1 in Stealth
   442 | D        | Reached XP level 5. HP: 53/53 MP: 4/4
   522 | D        | Found a basalt altar of Yredelemnul.
   522 | D        | Found a shadowy altar of Dithmenos.
   522 | D        | Found a sacrificial altar of Ru.
   522 | D        | Noticed a necrophage
   528 | D        | Killed a necrophage
   529 | D        | Reached skill level 10 in Long Blades
   529 | D        | Reached skill level 5 in Dodging
   535 | D        | Reached **** piety under Trog
   676 | D        | Found a hide-covered altar of Uskayaw.
   676 | D        | Found an iron altar of Okawaru.
   678 | D        | Found a bloodstained altar of Trog.
   678 | D        | Found an ornate altar of the Wu Jian Council.
   678 | D        | Noticed a human
   678 | D        | Noticed a human
   682 | D        | Killed a human
   683 | D        | Reached skill level 10 in Fighting
   683 | D        | Reached skill level 11 in Long Blades
   683 | D        | Reached skill level 5 in Armour
   683 | D        | Reached XP level 6. HP: 66/66 MP: 5/5
   688 | D        | Killed a human
   689 | D        | Reached skill level 12 in Long Blades
   689 | D        | Reached XP level 7. HP: 73/73 MP: 6/6
   725 | D        | Found a glowing silver altar of Zin.
   726 | D        | Found a glowing golden altar of the Shining One.
   726 | D        | Found a white marble altar of Elyvilon.
   726 | D        | Noticed a deep elf pyromancer
   733 | D        | Noticed a fire elemental
   736 | D        | Killed a deep elf pyromancer
   736 | D        | Reached ***** piety under Trog
   737 | D        | Reached skill level 14 in Long Blades
   904 | D        | Noticed a shadow
   907 | D        | Killed a shadow
   908 | D        | Reached XP level 8. HP: 66/83 MP: 7/7
   925 | D        | Found a blossoming altar of Fedhas.
   925 | D        | Found a stormy altar of Qazlal.
   927 | D        | Found a snail-covered altar of Cheibriados.
   927 | D        | Found a burning altar of Makhleb.
   927 | D        | Found a hazy altar of Hepliaklqana.
   927 | D        | Found a shimmering altar of Xom.
   927 | D        | Found an opulent altar of Gozag.
   927 | D        | Found a sparkling altar of Nemelex Xobeh.
   927 | D        | Found a corrupted altar of Lugonu.
   927 | D        | Found a viscous altar of Jiyva.
  1152 | D        | Reached skill level 15 in Long Blades
  1419 | D        | Noticed a two-headed ogre
  1426 | D        | Killed a two-headed ogre
  1426 | D        | Received a gift from Trog
  1530 | D        | Noticed an orc knight
  1531 | D        | Noticed an orc knight
  1541 | D        | Killed an orc knight
  1542 | D        | Reached skill level 16 in Long Blades
  1542 | D        | Reached skill level 1 in Maces & Flails
  1542 | D        | Reached XP level 9. HP: 73/94 MP: 8/8
  1546 | D        | Noticed an orc high priest
  1552 | D        | HP: 4/95 [orc knight/+2 vorpal battleaxe (38)]
  1552 | D        | Slain by an orc knight

Illustrated notes

Levels and vault maps discovered:
D:        dungeon_sprint_mu [sprint_mu_entry_forest, sprint_mu_temple_rooms,
          sprint_mu_d1_spiders, sprint_mu_d2_genie, sprint_mu_d3_branching,
          sprint_mu_orc_legion, sprint_mu_elf_gauntlet, sprint_mu_hive_nellie,
          sprint_mu_lair_fedhas, sprint_mu_vaults_butterflies,
          sprint_mu_slime_circle, sprint_mu_swamp_cave, sprint_mu_snake_twists,
          sprint_mu_blade_basic, sprint_mu_crypt_lich, sprint_mu_tomb_spiral,
          sprint_mu_vestibule_basic, sprint_mu_gehenna_hellfire,
          sprint_mu_dis_giant, sprint_mu_tartarus_statrot,
          sprint_mu_cocytus_islands, sprint_mu_zot1]

Skill      XL: |  1  2  3  4  5  6  7  8  9 |
---------------+----------------------------+-----
Fighting       | 5 7 10 12 13 14 | 14.0
Long Blades    | 5 6 7 8 11 12 14 16 | 16.3
Armour         | 3 4 5 6 7 |  7.4
Dodging        | 3 4 5 6 7 8 |  8.9
Stealth        | 1 2 3 4 |  4.7
Maces & Flails | 1 |  1.9

Action                   |  1- 3 |  4- 6 |  7- 9 || total
-------------------------+-------+-------+-------++-------
Melee: Falchion          |    19 |    25 |     5 ||    49
       Headbutt          |       |     2 |     8 ||    10
       Long sword        |       |       |    22 ||    22
       Great mace        |       |       |     9 ||     9
Invok: Berserk           |     3 |     3 |     4 ||    10
       Brothers in Arms  |       |       |     3 ||     3
Evoke: Phantom mirror    |       |       |     1 ||     1
  Use: Potion            |     2 |       |       ||     2
       Scroll            |       |       |     2 ||     2
 Stab: Sleeping          |       |       |     1 ||     1
Armor: Animal skin       |     1 |     1 |       ||     2
       Ring mail         |       |       |     1 ||     1
Dodge: Dodged            |    13 |     2 |    19 ||    34
